AoeStats
← Iamak3186

Arabia

504700535Analyzed
1v1 RM · 27d ago on Sep 6, 2026· 38m 56s· 2 players
Game mode
Random Map
Map size
Tiny (2 player)
Population
200
Speed
Normal
Resources
Standard
Victory
Conquest
Starting age
Dark Age
Ending age
Imperial Age
RankedLock teamsTeams togetherTeam positionsShared explorationLock speedFull tech treeHidden civsTurbo modeCheats
Victory
Defeat
🇮🇳 Mongols · India
1186
+14
🇦🇺 Jurchens · Australia
1151
-14
zeke.hodges000
6:40 Loom
9:02 Feudal Age
9:31 Double-Bit Axe
10:59 Horse Collar
17:31 Wheelbarrow
18:09 Bloodlines
20:36 Castle Age
19:49 Bloodlines
20:23 Scale Barding Armor
21:03 Light Cavalry
22:19 Bow Saw
26:07 Squires
27:21 Fletching
27:31 Padded Archer Armor
29:22 Bodkin Arrow
29:43 Town Watch
33:19 Husbandry
36:33 Ballistics
39:18 Imperial Age
37:48 Chain Barding Armor
37:56 Chain Barding Armor
Iamak3186
4:02 Loom
5:20 Loom
8:00 Feudal Age
6:37 Loom
8:57 Double-Bit Axe
11:50 Horse Collar
16:49 Wheelbarrow
19:07 Castle Age
18:33 Gold Mining
19:38 Bloodlines
19:28 Fletching
20:26 Bow Saw
20:15 Bodkin Arrow
22:22 Husbandry
23:53 Town Watch
25:12 Ballistics
25:53 Padded Archer Armor
26:32 Stone Mining
27:38 Heavy Plow
35:31 Imperial Age
34:52 Scale Barding Armor
35:16 Forging
35:22 Leather Archer Armor
36:04 Chain Barding Armor
36:30 Bracer
35:54 Light Cavalry
36:51 Hussar
38:25 Stone Shaft Mining
Connection lost

Rejoining the realm…

Still unreachable

The connection could not be restored.

Session expired

The server has moved on; the page needs a fresh start.